 Dungeon Crawl Stone Soup version 0.28-a0-1447-ga5a8893891 (webtiles) character file.

Game seed: 16344736543937451232

9295 enile the Fighter (level 11, -3/85 HPs)
             Began as a Djinni Wanderer on Jan 10, 2022.
             Was an Initiate of Ashenzari.
             Slain by a five-headed hydra (12 damage)
             ... on level 10 of the Dungeon.
             The game lasted 01:02:31 (22360 turns).

enile the Fighter (Djinni Wanderer)                Turns: 22360, Time: 01:02:32

Health: -3/85      AC:  5    Str: 14    XL:     11   Next: 71%
Gold:   669        EV: 14    Int: 22    God:    Ashenzari [......] SH:  0 Dex: 14

rFire   + + .      SeeInvis +   m - +2 dagger (venom)
rCold   . . .      Faith    .   (no shield)
rNeg    . . .      Spirit   .   N - +2 robe {rC+}
rPois   ∞          Reflect  .   (no helmet)
rElec   .          Harm     .   i - +0 cloak
rCorr   .          Rampage  .   (no gloves)
Will    +....                   (boots unavailable)
Stlth   +++.......              (no amulet)
HPRegen 0.24/turn               t - ring of Kiyvuqios {Str+6 SInv}
MPRegen 0.00/turn               F - ring of wizardry

@: flying
A: sickness immunity, fire resistance 2, cold vulnerability 1, float, innate
caster, hp casting, extra vitality 1, clever 1, deterioration 1
a: Renounce Religion


You were on level 10 of the Dungeon.
You worshipped Ashenzari.
Ashenzari was noncommittal.
You visited 3 branches of the dungeon, and saw 13 of its levels.

You collected 741 gold pieces.
You donated 72 gold pieces to Zin.

Inventory:

Hand Weapons
 a - a +2 dagger
 f - a +2 hand axe of distortion
 g - a +1 dagger of draining
 k - a +0 short sword
 m - a +2 dagger of venom (weapon)
 s - a +3 morningstar of flaming
 y - a +2 spear of venom
 L - a +2 flail of protection
 M - a +1 scythe of freezing
Missiles
 l - 214 stones
 q - 65 poisoned darts
 I - 7 javelins
Armour
 d - a +0 robe
 i - a +0 cloak (worn)
 E - the +1 leather armour of Ucegh {-Cast rPois rN++ Slay+2}
   (You found it on level 5 of the Dungeon)

   Slay:      It affects your accuracy & damage with ranged weapons and melee
   (+2).
   rPois:     It protects you from poison.
   rN:        It greatly protects you from negative energy.
   -Cast:     It prevents spellcasting.
 H - a +2 cloak of stealth
 N - a +2 robe of cold resistance (worn)
 Q - +0 swamp dragon scales
Jewellery
 t - the ring of Kiyvuqios (left hand) {Str+6 SInv}
   (You acquired it on level 1 of the Lair of Beasts)

   [ring of strength]

   Str:       It affects your strength (+6).
   SInv:      It lets you see invisible.
 C - a ring of fire
 F - a ring of wizardry (right hand)
 P - a ring of protection from cold
 R - a ring of wizardry
Wands
 b - a wand of paralysis (8)
 h - a wand of flame (19)
 G - a wand of polymorph (12)
Scrolls
 e - 5 scrolls of vulnerability
 j - 2 scrolls of magic mapping
 p - 4 scrolls of enchant weapon
 A - 2 scrolls of enchant armour
 B - 3 scrolls of immolation
 D - 3 scrolls of noise
 O - 2 scrolls of fog
 S - a scroll of holy word
Potions
 n - 2 potions of mutation
 o - 2 potions of curing
 r - 3 potions of brilliance {unknown}
 u - 3 potions of invisibility {unknown}
 w - a potion of attraction
 z - 4 potions of haste {unknown}
 J - a potion of ambrosia {unknown}
Miscellaneous
 c - a piece from Xom's chessboard (15/15)


   Skills:
 - Level 10.0 Fighting
 - Level 3.0 Short Blades
 - Level 3.0 Throwing
 - Level 3.0 Armour
 - Level 6.0 Dodging
 - Level 5.0 Stealth
 + Level 8.4 Spellcasting
 - Level 3.0 Invocations
 - Level 3.0 Evocations


You had 9 spell levels left.
You knew the following spells:

 Your Spells              Type           Power      Damage    Failure   Level
a - Stone Arrow           Conj/Erth      92%        3d12      1%          3
b - Sandblast             Erth           92%        2d19      1%          1
c - Pain                  Necr           100%       1d9       1%          1
d - Blink                 Tloc           92%        N/A       1%          2
e - Summon Guardian Gole  Hex/Summ       46%        N/A       1%          3
f - Dazzling Flash        Conj/Hex       92%        N/A       1%          3
g - Fulminant Prism       Conj/Hex       23%        3d13      1%          4

Your spell library contained the following spells:

 Spells                   Type           Power      Damage    Failure   Level


Dungeon Overview and Level Annotations

Branches:
Dungeon (11/15)            Temple (1/1) D:4            Lair (1/6) D:9
    Orc: D:9-12

Altars:
Ashenzari
Cheibriados
Dithmenos
Elyvilon
Fedhas
Gozag
Hepliaklqana
Kikubaaqudgha
Makhleb
Nemelex Xobeh
Okawaru
Qazlal
Ru
Sif Muna
Trog
Uskayaw
Vehumet
Wu Jian
Xom
Yredelemnul
Zin
The Shining One

Shops:
D:10 [

Annotations:
D:11 Grum, Snorg


Innate Abilities, Weirdness & Mutations

You are immune to sickness and miasma.
You are immune to poison.
Your flesh is very heat resistant. (rF++)
You are vulnerable to cold. (rC-)
You float through the air rather than walking.
You learn spells naturally, not from books.
Your magical power is your life essence.
You have superior vitality. (+4 MHP)
Your mind is acute. (Int +2)
Your body sometimes deteriorates upon taking damage.


Message History

The five-headed hydra closely misses you. x2
The five-headed hydra bites you!
The five-headed hydra bites you but does no damage.
The wraith closely misses you. The wolf barely misses you. x2
There is a stone staircase leading up here.
Unknown command.
The wolf closely misses you. x2
The five-headed hydra barely misses you.
The five-headed hydra closely misses you.
The five-headed hydra bites you! x3; The wraith barely misses you.
The wolf closely misses you.
You fly upwards.
There is a stone staircase leading down here.
Okay, then.
Okay, then.
Okay, then.
Unknown command.
Casting: Dazzling Flash (safe; 1% risk of failure)
Press: ? - help, Q - select action, (/) - cycle Dir - look around, f - activate The wolf bites you.
The five-headed hydra closely misses you.
The five-headed hydra misses you. The five-headed hydra bites you. x2
The five-headed hydra bites you!
* * * LOW HITPOINT WARNING * * *
The wolf bites you!
* * * LOW HITPOINT WARNING * * *
The wolf misses you.
Casting: Dazzling Flash (safe; 1% risk of failure)
Confirm with . or Enter, or press ? or * to list all spells.
Okay, then.
Casting: Dazzling Flash (safe; 1% risk of failure)
Confirm with . or Enter, or press ? or * to list all spells.
You blink.
* * * LOW HITPOINT WARNING * * *
The wolf bites you.
* * * LOW HITPOINT WARNING * * *
The wolf misses you.
You feel stable enough to blink again. The five-headed hydra bites you!
You die...

#################################
..............§.h................
#..##...##...##)DW....####..###..
#..##...##.....h@..#..####.......
#.......##.......................
#.......##......#####............
#...........###.# #######......
......#'###(###.# #....##'####
...#..#...#.....######...........
......#....≈≈≈≈≈≈≈≈≈≈≈≈≈.........
......#....≈≈≈(≈≈≈≈≈≈≈≈≈......[..
..#####....≈≈≈≈≈≈≈≈≈≈≈≈≈######.##


You could see a five-headed hydra, a wraith and 2 wolves.

Vanquished Creatures
  A cane toad (Lair:1)
  A troll (D:5)
  2 hornets
  A blink frog (Lair:1)
  Prince Ribbit (D:6)
  Sigmund (D:6)
  A basilisk (D:9)
  A wraith (D:10)
  2 wyverns
  A steam dragon (D:8)
  Edmund (D:6)
  9 water moccasins
  2 sky beasts
  An orc warrior (D:10)
  4 black bears
  2 necrophages
  2 ice beasts
  2 ogres
  4 wolves
  6 centaurs
  3 kobold brigands
  6 bullfrogs
  A wyvern zombie (D:5)
  A wyvern skeleton (D:7)
  2 water moccasin skeletons
  A howler monkey (D:5)
  3 centaur zombies
  A bullfrog zombie (D:6)
  3 hounds
  2 jellies
  2 orc priests
  Jessica (D:3)
  Natasha (thrice) (D:2)
  An iguana (D:6)
  12 orc wizards
  A hound zombie (D:5)
  Robin (D:2)
  6 adders
  6 gnolls
  3 howler monkey skeletons
  4 white imps
  An ufetubus (D:5)
  An adder skeleton (D:4)
  4 dart slugs
  42 orcs
  8 bats
  8 endoplasms
  3 giant cockroaches
  15 goblins
  8 hobgoblins
  4 jackals (D:5)
  3 quokkas
  7 ball pythons
  2 frilled lizards
  36 kobolds
  8 rats
258 creatures vanquished.

Vanquished Creatures (others)
  A quicksilver ooze (shapeshifter) (D:8)
  A gargoyle (D:10)
  Maggie (D:7)
  A wyvern (D:9)
  A steam dragon (D:8)
  An acid dragon (D:7)
  An orc warrior (D:10)
  A black bear (D:9)
  A kobold brigand (D:10)
  2 gnoll sergeants
  3 gnolls
  A kobold (D:10)
  9 demonic plants (D:3)
  4 fulminant prisms
  8 fungi
  16 plants
  A withered plant (D:3)
53 creatures vanquished.

Grand Total: 311 creatures vanquished

Notes
Turn   | Place    | Note
-------+----------+-------------------------------------------
     0 | D:1      | enile the Djinni Wanderer began the quest for the Orb.
     0 | D:1      | Reached XP level 1. HP: 17/17 MP: 0/0
   306 | D:1      | Reached XP level 2. HP: 23/23 MP: 0/0
   341 | D:1      | Reached skill level 2 in Fighting
   776 | D:1      | Reached XP level 3. HP: 17/28 MP: 0/0
   776 | D:1      | Learned a level 1 spell: Pain
  1199 | D:1      | Reached skill level 1 in Stealth
  1641 | D:2      | Reached skill level 1 in Dodging
  1816 | D:2      | Reached XP level 4. HP: 28/34 MP: 0/0
  2020 | D:2      | Noticed Robin
  2022 | D:2      | Reached skill level 3 in Fighting
  2034 | D:2      | Killed Robin
  2324 | D:2      | Noticed Natasha
  2331 | D:2      | Killed Natasha
  2332 | D:2      | Reached skill level 1 in Short Blades
  2332 | D:2      | Reached XP level 5. HP: 19/40 MP: 0/0
  2332 | D:2      | Learned a level 2 spell: Blink
  2334 | D:2      | Noticed Natasha
  2377 | D:2      | Killed Natasha
  2791 | D:2      | Noticed Natasha
  2798 | D:2      | Killed Natasha
  2882 | D:3      | Noticed a black bear
  2898 | D:2      | Reached skill level 4 in Fighting
  2921 | D:2      | Gained mutation: Your mind is acute. (Int +2) [potion of
                  | mutation]
  2921 | D:2      | Gained mutation: Your body sometimes deteriorates upon
                  | taking damage. [potion of mutation]
  2961 | D:2      | Reached XP level 6. HP: 8/47 MP: 0/0
  3549 | D:3      | Found a shimmering altar of Xom.
  3925 | D:3      | Killed a black bear
  3978 | D:3      | Noticed an ice beast
  3984 | D:3      | Killed an ice beast
  3985 | D:3      | Reached XP level 7. HP: 22/52 MP: 0/0
  3985 | D:3      | Learned a level 3 spell: Summon Guardian Golem
  4313 | D:3      | Found a faded altar of an unknown god.
  4331 | D:3      | Prayed at the altar of an unknown god.
  4331 | D:3      | Became a worshipper of Zin the Law-Giver
  4331 | D:3      | Reached * piety under Zin
  4331 | D:3      | Reached ** piety under Zin
  4440 | D:3      | Noticed Jessica
  4444 | D:3      | Killed Jessica
  4868 | D:4      | Found a staircase to the Ecumenical Temple.
  4971 | D:4      | Reached *** piety under Zin
  5082 | D:4      | Reached skill level 1 in Invocations
  5644 | D:5      | Entered Level 5 of the Dungeon
  5875 | D:5      | Noticed a water moccasin
  5878 | D:5      | Killed a water moccasin
  5879 | D:5      | Reached XP level 8. HP: 51/58 MP: 0/0
  6008 | Temple   | Entered the Ecumenical Temple
  6773 | D:5      | Identified the +1 leather armour of Ucegh {-Cast rPois rN++
                  | Slay+2}
  6882 | D:5      | Reached skill level 5 in Fighting
  7376 | D:5      | Noticed a troll
  7389 | D:5      | Killed a troll
  8197 | D:5      | Reached skill level 5 in Spellcasting
  8508 | D:5      | Reached **** piety under Zin
  9332 | D:6      | Reached XP level 9. HP: 53/66 MP: 0/0
  9332 | D:6      | Learned a level 3 spell: Dazzling Flash
  9345 | D:6      | Reached skill level 6 in Fighting
  9996 | D:6      | Reached ***** piety under Zin
 10637 | D:6      | Noticed Edmund
 10649 | D:6      | Killed Edmund
 11055 | D:6      | Noticed Prince Ribbit
 11061 | D:6      | Killed Prince Ribbit
 11062 | D:6      | Reached skill level 7 in Fighting
 11190 | D:6      | Noticed Sigmund
 11195 | D:6      | Killed Sigmund
 11384 | D:7      | Reached skill level 8 in Fighting
 11384 | D:7      | Reached XP level 10. HP: 68/76 MP: 0/0
 11890 | D:7      | Found a stormy altar of Qazlal.
 12517 | D:7      | Noticed Maggie
 12530 | D:7      | Killed Maggie
 13619 | D:8      | Found a glowing silver altar of Zin.
 13620 | D:8      | You are sucked into a shaft and drop 3 floors!
 13627 | D:10     | Entered Level 10 of the Dungeon
 13650 | D:10     | Noticed a gargoyle
 13667 | D:10     | Killed a gargoyle
 13668 | D:10     | Reached skill level 5 in Dodging
 14013 | D:10     | Found a basalt altar of Yredelemnul.
 14739 | D:9      | Found a staircase to the Lair.
 15131 | D:9      | Reached XP level 11. HP: 63/82 MP: 0/0
 15131 | D:9      | Learned a level 4 spell: Fulminant Prism
 15346 | D:9      | Reached skill level 9 in Fighting
 17850 | D:10     | Found Qeblaitt's Armour Shop.
 17935 | D:10     | Found an ornate altar of the Wu Jian Council.
 17936 | D:10     | Found a sparkling altar of Nemelex Xobeh.
 18323 | D:8      | Reached skill level 10 in Fighting
 18443 | D:8      | Noticed a bunyip
 18884 | D:8      | Noticed a quicksilver ooze
 18911 | D:8      | Killed a quicksilver ooze
 18912 | D:8      | Reached skill level 5 in Stealth
 19020 | D:8      | Found a broken altar of Ashenzari.
 19568 | D:11     | Noticed a boulder beetle
 19568 | D:11     | Noticed a manticore
 19575 | D:11     | Noticed Snorg
 19575 | D:11     | Noticed a cyclops
 19581 | D:11     | Noticed a two-headed ogre
 19582 | D:11     | Noticed a two-headed ogre
 20188 | D:10     | Was placed under penance by Zin
 21095 | D:8      | Fell from the grace of Zin
 21095 | D:8      | Became a worshipper of Ashenzari the Shackled
 21233 | D:11     | Noticed Grum
 21709 | D:11     | Noticed a five-headed hydra
 21774 | Lair:1   | Entered Level 1 of the Lair of Beasts
 21818 | Lair:1   | Identified a scroll of acquirement
 21819 | Lair:1   | Acquired the ring of Kiyvuqios {Str+6 SInv}
 22356 | D:11     | Noticed a sixfirhy
 22360 | D:10     | Slain by a five-headed hydra

Illustrated notes

Levels and vault maps discovered:
D:1:      nzn_arrival_depleted_hourglass, layout_loops_ring
D:2:      layout_loops_ring, lemuel_old_faithful, uniq_robin, uniq_natasha
D:3:      layout_rooms, tgw_sif, mainiacjoe_overflow_alcove_1,
          shapermc_ecumenical_altar_gd, st_stairs_3, grunt_ministairs_9,
          kennysheep_cross_room, minmay_pentomino_pile
D:4:      minmay_general_purpose_star, layout_basic, lemuel_temple_firewalk_a,
          minmay_misc_feat_columns, minmay_stone_trees_small,
          minmay_close_crescents
D:5:      layout_basic, minmay_fountain_box, nicolae_zen_rock_garden,
          minmay_pentangle
D:6:      layout_basic, serial_curves, eino_curves_03, eino_curves_01,
          eino_curves_02, eino_curves_01, uniq_prince_ribbit1, uniq_sigmund,
          uniq_edmund
D:7:      layout_basic, lemuel_tele_altar, uniq_maggie
D:8:      layout_basic, mainiacjoe_overflow_concentric_impassable,
          lemuel_doored_altar, evilmike_ruin_ashenzari
D:9:      layout_basic, minmay_lair_entry_grove, minmay_misc_feat_more_columns,
          columned_hall_lemuel, kennysheep_small_spiral
D:10:     nicolae_whirlpool, layout_stronghold, mainiacjoe_overflow_catwalk,
          mainiacjoe_overflow_divided_tiny, minmay_orc_entry_temple_small,
          serial_shops, shop, serial_park_tiny_2
D:11:     layout_big_octagon, nemelex_altar_shiori, uniq_snorg, uniq_grum
Temple:   dshaligram_water_room_temple
Lair:1:   layout_misc_corridors

Skill      XL: |  1  2  3  4  5  6  7  8  9 10 11 |
---------------+----------------------------------+-----
Fighting       | 2 3 4 5 8 10 | 10.0
Spellcasting   | 2 3 4 5 6 8 |  8.4
Stealth        | 1 2 4 5 |  5.0
Dodging        | 1 2 3 4 5 6 |  6.0
Short Blades   | 1 2 3 |  3.0
Armour         | 2 3 |  3.0
Invocations    | 1 2 3 |  3.0
Throwing       | 3 |  3.0
Evocations     | |  3.0

Action                   |  1- 3 |  4- 6 |  7- 9 | 10-12 || total
-------------------------+-------+-------+-------+-------++-------
Melee: Dagger            |    78 |    37 |    88 |    41 ||   244
       Punch             |     1 |       |     2 |       ||     3
       Scythe            |       |       |       |    60 ||    60
Throw: Dart              |     1 |     7 |     5 |    21 ||    34
       Javelin           |       |       |     2 |       ||     2
 Cast: Sandblast         |    12 |    38 |    12 |       ||    62
       Pain              |     7 |     4 |     7 |       ||    18
       Stone Arrow       |       |    22 |    81 |   145 ||   248
       Summon Guardian G |       |       |     8 |    16 ||    24
       Blink             |       |       |     2 |     3 ||     5
       Dazzling Flash    |       |       |     2 |     5 ||     7
       Fulminant Prism   |       |       |       |     4 ||     4
Invok: Vitalisation      |       |       |       |     3 ||     3
       Recite            |       |       |       |     2 ||     2
       Imprison          |       |       |       |     1 ||     1
       Sanctuary         |       |       |       |     1 ||     1
Evoke: Piece from Xom's  |    13 |    10 |       |       ||    23
       Wand              |       |       |       |     4 ||     4
  Use: Potion            |       |     3 |       |     4 ||     7
       Scroll            |       |     1 |     6 |    18 ||    25
 Stab: Paralysed         |     4 |       |       |       ||     4
       Confused          |     2 |       |       |       ||     2
       Petrified         |       |     1 |       |       ||     1
       Sleeping          |       |       |     2 |       ||     2
       Distracted        |       |       |     1 |       ||     1
Armor: Robe              |    25 |    26 |    20 |    75 ||   146
Dodge: Dodged            |    44 |    74 |    74 |   144 ||   336

Table legend: (Time is in decaauts)
 A = Elapsed time spent in this place.
 B = Non-inter-level travel time spent in this place.
 C = Inter-level travel time spent in this place.
 D = Time resting spent in this place.
 E = Time spent auto-exploring this place.
 F = Levels seen in this place.
 G = Mean time per level.
                   A        B        C        D        E       F      G
               +--------+--------+--------+--------+--------+-----+--------+
         Total |  22426 |  20587 |   1839 |   1678 |  15296 |  13 | 1725.1 |
       Dungeon |  21775 |  20041 |   1734 |   1678 |  15151 |  11 | 1979.5 |
        Temple |    501 |    402 |     99 |      0 |     58 |   1 |  501.0 |
          Lair |    149 |    145 |      4 |      0 |     87 |   1 |  149.0 |
               +--------+--------+--------+--------+--------+-----+--------+

Top non-repeatable levels by time:
    D:10: 3762 daAuts
     D:9: 3339 daAuts
     D:5: 2883 daAuts
     D:6: 2041 daAuts
     D:7: 2031 daAuts
     D:2: 1773 daAuts
     D:8: 1632 daAuts
     D:1: 1511 daAuts
     D:3: 1429 daAuts
     D:4: 1327 daAuts
  Temple: 501 daAuts
  Lair:1: 149 daAuts
    D:11: 43 daAuts
